 Dungeon Crawl Stone Soup version 0.27-a0-295-ge1136d6ca4 (webtiles) character file.

Game seed: 3939120085456405281

422783 KennyOmg the Slayer (level 22, -14/176 HPs)
             Began as a Minotaur Berserker on Feb 8, 2021.
             Was an Elder of Trog.
             Demolished by an acid blob (24 damage)
             ... created by the Royal Jelly
             ... on level 5 of the Pits of Slime on Feb 10, 2021.
             The game lasted 02:10:56 (52204 turns).

KennyOmg the Slayer (Minotaur Berserker)           Turns: 52204, Time: 02:10:56

Health: -14/176    AC: 45    Str: 23    XL:     22   Next: 68%
Magic:  23/23      EV: 16    Int:  6    God:    Trog [****..]
Gold:   437        SH: 25    Dex: 18    Spells: 21/21 levels left

rFire    + + +     SeeInvis +   a - +9 war axe of the Evening {flame, rF++ rN++ Stlth-}
rCold    + . .     Faith    .   G - +5 kite shield of Bespelled Satisfaction {+Fly rC- rN+ Dex+7}
rNeg     + + +     Spirit   .   J - +9 scales of the Dragon King {rPois rF+ rC+ Will+}
rPois    +         Reflect  +   (helmet restricted)
rElec    .         Harm     .   r - +2 cloak {Stlth+}
rCorr    +         Rampage  +   Q - +2 pair of gloves {Dex+3}
Will     ++...                  O - +2 pair of boots {rampage}
Stlth    ..........             c - amulet of Atuoqud {Reflect rF+ SH+5 SInv}
HPRegen  0.39/turn              W - ring of Remomuh {rC+ rN++ Str-3 Int+4}
MPRegen  0.18/turn              w - ring of resist corrosion

@: about to teleport, studying Maces & Flails
A: retaliatory headbutt, horns 2, clumsy 2, deterioration 1, dopey 2, frail 2,
high mp 1, weak 1
}: 2/15 runes: serpentine, barnacled
a: Renounce Religion, Evoke Flight, Berserk, Trog's Hand, Brothers in Arms


You were on level 5 of the Pits of Slime.
You worshipped Trog.
Trog was greatly pleased with you.
You visited 8 branches of the dungeon, and saw 43 of its levels.
You visited 1 bazaar.
You also visited: Bailey, Gauntlet, Ice Cave and Wizlab.

You collected 7292 gold pieces.
You spent 6855 gold pieces at shops.

Inventory:

Hand Weapons
 a - the +9 war axe of the Evening (weapon) {flame, rF++ rN++ Stlth-}
   (Trog gifted it to you on level 2 of the Depths)

   It has been specially enchanted to burn those struck by it, causing extra
   injury to most foes and up to half again as much damage against particularly
   susceptible opponents.
   Big, fiery blades are also staple armaments of hydra-hunters.
   It greatly protects you from fire.
   It greatly protects you from negative energy.
   It makes you less stealthy.
 q - a +5 antimagic broad axe
   (Trog gifted it to you on level 2 of the Orcish Mines)
 F - the +8 mithril axe "Arga" {speed, Will+}
   (You found it on level 3 of the Elven Halls)

   Attacks with this weapon are significantly faster.
   It affects your willpower, your defense against some magical effects.
 X - a +1 hand axe of flaming
   (Trog gifted it to you on level 1 of the Pits of Slime)
Missiles
 k - 102 poisoned darts (quivered)
 I - 12 throwing nets {!f}
Armour
 r - a +2 cloak of stealth (worn)
   (You took it off Nikola on level 2 of the Depths)
 D - a scarf of invisibility
   (You found it on level 1 of the Lair of Beasts)
 G - the +5 kite shield of Bespelled Satisfaction (worn) {+Fly rC- rN+ Dex+7}
   (You bought it in a shop on level 5 of the Dungeon)

   It affects your dexterity (+7).
   It makes you vulnerable to cold.
   It protects you from negative energy.
   It lets you fly.
 J - the +9 scales of the Dragon King (worn) {rPois rF+ rC+ Will+}
   (You bought it in a shop on level 2 of the Orcish Mines)

   It protects you from fire.
   It protects you from cold.
   It protects you from poison.
   It affects your willpower, your defense against some magical effects.
 O - a +2 pair of boots of rampaging (worn)
   (You found it in an ice cave)
 Q - a +2 pair of gloves of dexterity (worn)
   (You found it in an ice cave)
Jewellery
 c - the amulet of Atuoqud (around neck) {Reflect rF+ SH+5 SInv}
   (You bought it in a shop on level 1 of the Snake Pit)

   [amulet of reflection]

   It shields you and reflects attacks.
   It protects you from fire.
   It lets you see invisible.
   It affects your SH (+5).
 f - the amulet of Zamocoqo {RegenMP rN+ Dex+3}
   (You took it off a deep elf demonologist on level 3 of the Elven Halls)

   [amulet of magic regeneration]

   It increases your magic regeneration.
   It affects your dexterity (+3).
   It protects you from negative energy.
 h - the ring of Departure {EV+4 Str+4}
   (You found it in an ice cave)

   [ring of evasion]

   It affects your evasion (+4).
   It affects your strength (+4).
 o - an uncursed ring of protection from cold
   (You found it on level 15 of the Dungeon)
 w - a ring of resist corrosion (right hand)
   (You found it on level 3 of the Shoals)
 P - an uncursed ring of willpower
   (You found it on level 10 of the Dungeon)
 U - the ring of the Mage {Wiz Will++ Int+3}
   (You found it on level 3 of the Elven Halls)

   [ring of wizardry]

   It improves your spell success rate.
   It affects your intelligence (+3).
   It affects your willpower, your defense against some magical effects.
 V - the ring "Raful" {rC+ Will+}
   (You found it on level 3 of the Elven Halls)

   [ring of willpower]

   It protects you from cold.
   It affects your willpower, your defense against some magical effects.
 W - the ring of Remomuh (left hand) {rC+ rN++ Str-3 Int+4}
   (You found it in a Gauntlet)

   [ring of protection from cold]

   It affects your strength (-3).
   It affects your intelligence (+4).
   It protects you from cold.
   It greatly protects you from negative energy.
Wands
 d - a wand of iceblast (15)
   (You found it on level 6 of the Lair of Beasts)
 t - a wand of flame (107)
   (You found it on level 2 of the Lair of Beasts)
 u - a wand of paralysis (10)
   (You found it on level 7 of the Dungeon)
 v - a wand of digging (17)
   (You found it on level 7 of the Dungeon)
 x - a wand of acid (12)
   (You found it on level 7 of the Dungeon)
 C - a wand of polymorph (7)
   (You took it off a kobold demonologist on level 3 of the Elven Halls)
Scrolls
 b - 25 scrolls of identify {@r1}
 e - 3 scrolls of immolation {!r}
 g - 7 scrolls of magic mapping
 l - 5 scrolls of enchant weapon
 m - 5 scrolls of fear
 n - 23 scrolls of teleportation {@r4}
 p - 17 scrolls of remove curse {@r2}
 z - 5 scrolls of vulnerability {!r}
 E - a scroll of enchant armour
 M - 4 scrolls of fog
 T - 2 scrolls of silence
Potions
 i - 5 potions of magic
 j - 13 potions of curing {@q1}
 s - 2 potions of flight
 A - 4 potions of resistance
 B - 6 potions of haste {@q3}
 H - 3 potions of ambrosia
 N - 3 potions of cancellation
 R - 9 potions of lignification {!q}
 S - 5 potions of might
Miscellaneous
 K - a box of beasts (inert)
   (You found it in a bailey)
 L - a phantom mirror (inert)
   (You bought it in a shop on level 2 of the Elven Halls)


   Skills:
 + Level 23.6 Fighting
 - Level 18.0 Axes
 + Level 22.8 Armour
 - Level 18.2 Dodging
 * Level 13.7 Stealth
 - Level 15.0 Shields


You had 21 spell levels left.
You didn't know any spells.
Your spell library was empty.

Dungeon Overview and Level Annotations

Branches:
Dungeon (15/15)            Temple (0/1) D:4            Lair (6/6) D:9
 Shoals (4/4) Lair:2        Snake (4/4) Lair:3        Slime (5/5) Lair:5
    Orc (2/2) D:11            Elf (3/3) Orc:2        Vaults (0/5) D:13
 Depths (4/5) D:15         Bailey (visited)           IceCv (visited)
 WizLab (visited)         Gauntlet (visited)

Altars:
Dithmenos
Fedhas
Gozag
Hepliaklqana
Nemelex Xobeh
Okawaru
Ru
Sif Muna
Trog
Vehumet
Xom
Yredelemnul
Zin
The Shining One
Jiyva

Shops:
D:5 [((   D:7 ?   D:10 =   D:13 ?[**   D:14 (   D:15 (   Orc:2 [(?[
Elf:2 !:(*   Shoals:4 [   Snake:1 :=:   Depths:2 =[?

Portals:
Hell: Depths:1 Depths:2
Abyss: Depths:1 Depths:2 Depths:4
Pandemonium: Depths:2
Ziggurat: Depths:2

Annotations:
Slime:5 Royal Jelly


Innate Abilities, Weirdness & Mutations

You reflexively headbutt those who attack you in melee.
You have a pair of horns on your head.
You are very clumsy. (Dex -4)
Your body sometimes deteriorates upon taking damage.
You are very dopey. (Int -4)
You are very frail. (-20% HP)
You have an increased reservoir of magic. (+10% MP)
You are weak. (Str -2)


Message History

Blink to where?
As you read the scroll of blinking, it crumbles to dust.
The acid blob spits acid at you. The splash of acid hits you. You resist.
* * * LOW HITPOINT WARNING * * *
The acid corrodes you!
You are splashed with acid!
You resist.
* * * LOW HITPOINT WARNING * * *
The acid blob spits acid at you. The splash of acid misses you.
The acid blob spits acid at you. The splash of acid misses you.
The acid blob spits acid at you.
The splash of acid reflects off an invisible shield around you!
The splash of acid hits the acid blob.
The acid blob completely resists.
You start resting.
An acid blob is nearby!
Unknown command.
You block the acid blob's attack.
You slash the acid blob! You burn the acid blob.
Your hands burn!
* * * LOW HITPOINT WARNING * * *
The acid blob closely misses you. You furiously retaliate!
You headbutt the acid blob. You slash the acid blob! You burn the acid blob.
Your hands burn!
* * * LOW HITPOINT WARNING * * *
You slash the acid blob! You burn the acid blob.
Your hands burn!
* * * LOW HITPOINT WARNING * * *
You block the acid blob's attack. x2
You slice the acid blob!! You burn the acid blob.
Your hands burn!
* * * LOW HITPOINT WARNING * * *
You slash the acid blob! You burn the acid blob.
Your hands burn!
* * * LOW HITPOINT WARNING * * *
The acid blob spits acid at you. The splash of acid hits you. You resist.
* * * LOW HITPOINT WARNING * * *
You are splashed with acid!
You resist.
* * * LOW HITPOINT WARNING * * *
You block the acid blob's attack.
As you read the scroll of teleportation {@r4}, it crumbles to dust.
You feel strangely unstable.
You are no longer corroded.
The acid blob spits acid at you.
The splash of acid hits you but does no damage.
You are splashed with acid.
You resist.
* * * LOW HITPOINT WARNING * * *
The acid blob hits you!
* * * LOW HITPOINT WARNING * * *
You are splashed with acid.
You resist.
* * * LOW HITPOINT WARNING * * *
The acid blob hits you!!
You die...

####............................
##...............................
#................................
................................<
.................................
.................................
.................................
...............J.................
..............JJ@................
..............JJ#....###.........
..............######.# .......
............J.##/##..##$##.......
..........J..##!$"#.##?(?##......
..........J###=|!##..##}}?##.....
...^......###=:?:$##.#[}[|$# #...
...........##[$=$##..##([)?# #...
...........###[(#|#.##)#)(## #...


You could see 4 acid blobs, 2 azure jellies and 2 death oozes.

Vanquished Creatures
  Sojobo (Depths:2)
  Nikola (Depths:2)
  2 deep elf blademasters (Elf:3)
  2 deep elf master archers (Elf:3)
  A sphinx (Depths:3)
  A shadow dragon (Depths:2)
  5 acid blobs
  Agnes (Snake:2)
  Kirke (Lair:6)
  3 tengu reavers (Depths:2)
  Donald (Shoals:4)
  7 azure jellies
  Ilsuiw (Shoals:3)
  9 nagarajas
  4 fire giants
  2 frost giants (Depths:3)
  A cacodemon (Depths:2)
  Aizul (Snake:1)
  6 deep elf sorcerers (Elf:3)
  Louise (Depths:4)
  2 deep elf elementalists (Elf:3)
  6 very ugly things
  A spriggan defender (Depths:4)
  6 stone giants
  The ghost of Ivuducw the Eclecticist, a journeyman DEIE of Vehumet (Elf:2)
  4 vampire knights
  The ghost of Qohum the Carver, a journeyman DrGl of Cheibriados (D:14)
  5 deep elf demonologists
  The ghost of Regoshi the Quickloader, a journeyman BaHu of Okawaru (D:14)
  7 deep elf annihilators
  2 dire elephants
  5 spark wasps
  6 deep elf death magi
  A yaktaur captain (Depths:2)
  4 ettins
  2 merfolk javelineers (Shoals:4)
  2 death oozes (Slime:5)
  5 fire dragons
  6 merfolk impalers
  2 deep elf high priests (Elf:3)
  Harold (D:9)
  4 great orbs of eyes
  5 hydras
  A spriggan air mage (Depths:2)
  9 naga warriors
  4 ice dragons
  3 merfolk avatars
  2 rakshasas
  2 boulder beetles
  A monstrous demonspawn (Depths:2)
  3 catoblepae
  2 alligator snapping turtles (Shoals:4)
  3 ogre magi
  2 satyrs
  2 vault guards (D:13)
  3 anacondas
  A two-headed ogre (shapeshifter) (Depths:1)
  26 dancing weapons
  2 centaur warriors (D:14)
  22 two-headed ogres
  13 deep troll shamans
  Erica (D:8)
  11 death yaks
  4 merfolk aquamancers
  2 tengu warriors
  12 deep troll earth magi
  4 orc high priests
  15 naga sharpshooters
  2 vampire magi
  19 deep elf knights
  8 shock serpents
  A spriggan berserker (Depths:2)
  Nergalle (Lair:1)
  3 soul eaters
  2 hell knights (Depths:4)
  The ghost of mokwee the Covert, a novice OpVM of Sif Muna (D:7)
  The ghost of TimeIsEndless the Thaumaturge, a novice DEAE of Sif Muna (Orc:1)
  2 sixfirhies (Depths:2)
  Sonja (Lair:5)
  22 deep trolls
  9 sea snakes
  4 unseen horrors
  A salamander mystic (Snake:2)
  A flayed ghost (Depths:1)
  2 iron trolls (Depths:2)
  7 naga ritualists
  An infernal demonspawn (Depths:2)
  A kraken simulacrum (Shoals:4)
  5 glowing orange brains
  10 deep elf archers
  2 wizards (Depths:2)
  An orange crystal statue (Elf:1)
  2 phantasmal warriors (Depths:3)
  A lindwurm (Lair:5)
  A lindwurm (shapeshifter) (Elf:3)
  21 harpies
  5 orc knights (Orc:2)
  26 deep elf pyromancers
  25 deep elf zephyrmancers
  6 salamanders
  8 mana vipers
  7 shining eyes
  14 fauns
  17 manticores
  31 ugly things
  6 orc sorcerers
  3 centaur zombies
  10 merfolk sirens
  8 cyclopes
  A smoke demon (Depths:1)
  Maurice (D:8)
  9 elephants
  6 water nymphs
  4 guardian serpents
  2 ice statues (IceCv)
  24 black mambas
  A gargoyle (D:15)
  15 naga magi
  2 eyes of devastation
  13 cane toads
  A cane toad (shapeshifter) (Depths:3)
  2 torpor snails
  A rime drake (shapeshifter) (Depths:1)
  A kobold demonologist (Elf:3)
  A hellion (Depths:1)
  2 yaktaurs (shapeshifter)
  2 rime drakes (Lair:5)
  7 komodo dragons
  3 hellwings (Depths:1)
  13 ice devils
  2 red devils (Depths:1)
  2 efreet (D:14)
  2 large abominations (Elf:1)
  A tengu conjurer (Depths:3)
  21 yaktaurs
  11 trolls
  31 merfolk
  4 polar bears
  4 hornets
  40 slime creatures
  4 wind drakes
  A blink frog (shapeshifter) (Elf:1)
  13 blink frogs
  Prince Ribbit (D:8)
  11 dream sheep
  9 snapping turtles
  An air elemental (Elf:2)
  3 centaur simulacra (D:15)
  4 shadows
  2 spriggans (Depths:2)
  A wraith (D:15)
  3 fire elementals
  6 wyverns
  16 water elementals
  65 yaks
  4 basilisks
  2 golden eyes
  A human (shapeshifter) (Depths:3)
  3 hogs (Lair:6)
  A golden eye (shapeshifter) (Elf:2)
  2 humans (D:13)
  A chaos spawn (Depths:2)
  A redback simulacrum (D:15)
  3 wargs
  5 vampire mosquitoes
  30 nagas
  Edmund (D:4)
  13 water moccasins
  An acid dragon (D:14)
  2 floating eyes (Gauntlet)
  7 hell hounds (Depths:1)
  Duvessa (D:6)
  4 sky beasts
  24 orc warriors
  9 ice beasts
  5 eyes of draining
  15 ogres
  4 black bears
  15 boggarts
  An eye of draining (shapeshifter) (Depths:2)
  21 wolves
  A boggart (shapeshifter) (Depths:4)
  5 centaurs (D:14)
  2 phantoms (D:6)
  2 elf zombies (Elf:1)
  A kobold brigand (D:7)
  Blork the orc (Orc:2)
  16 bullfrogs
  A wyvern zombie (D:11)
  6 gnoll sergeants
  5 earth elementals
  2 wyvern skeletons
  A hornet simulacrum (D:15)
  2 troll zombies (D:11)
  5 scorpions
  Dowan (D:6)
  7 killer bees
  19 wights
  A howler monkey (D:5)
  3 electric eels
  5 crimson imps
  A bullfrog zombie (D:5)
  6 quasits
  8 hounds
  2 gnoll shamans (Bailey)
  4 centaur skeletons
  15 orc priests
  An iron imp (Depths:2)
  4 jellies
  2 iguanas
  23 orc wizards
  3 worker ants
  6 ogre zombies (D:11)
  A human simulacrum (D:14)
  2 howler monkey skeletons
  24 gnolls
  11 adders
  7 shadow imps
  10 white imps
  4 ufetubi
  2 oozes
  An adder skeleton (D:4)
  3 worms (D:2)
  2 dart slugs (D:1)
  7 leopard geckos
  76 orcs
  2 ball pythons (D:3)
  7 bats
  8 giant cockroaches
  38 goblins
  25 hobgoblins
  3 jackals
  12 kobolds
  4 quokkas
  5 frilled lizards
  2 goblin skeletons (D:11)
  5 goblin zombies
  A hobgoblin skeleton (D:11)
  4 hobgoblin zombies
  2 kobold skeletons (D:7)
  2 kobold zombies (D:7)
  2 leopard gecko skeletons
  4 orc skeletons
  15 orc zombies
  9 rats
  A tentacle (Shoals:4)
1585 creatures vanquished.

Vanquished Creatures (collateral kills)
  5 acid blobs (Slime:5)
  2 nagarajas (Snake:4)
  2 deep elf sorcerers (Elf:3)
  A reaper (IceCv)
  3 deep elf demonologists (Elf:3)
  A minotaur (Gauntlet)
  An orange crystal statue (WizLab)
  A merfolk javelineer (Shoals:3)
  A merfolk impaler (Shoals:4)
  3 naga warriors (Snake:4)
  3 vault guards (D:13)
  A merfolk aquamancer (Shoals:4)
  A dancing weapon (Elf:3)
  A deep troll earth mage (Depths:4)
  An orc high priest (Elf:3)
  A shock serpent (Snake:4)
  A naga sharpshooter (Snake:4)
  5 hell knights (Depths:4)
  2 sea snakes (Shoals:4)
  2 shadow demons (Elf:3)
  2 deep trolls (Depths:4)
  An orc knight (Orc:2)
  2 ugly things (D:14)
  A manticore (D:11)
  A centaur zombie (D:14)
  A water nymph (Shoals:3)
  6 naga magi (Snake:4)
  A kobold demonologist (Elf:3)
  A water elemental (Shoals:3)
  4 humans (D:13)
  5 nagas (Snake:4)
  An orc warrior (Orc:2)
  A centaur (D:11)
  4 gnoll sergeants (Bailey)
  A killer bee (D:11)
  4 gnoll shamans (Bailey)
  An orc wizard (Orc:2)
  7 gnolls (Bailey)
  An ufetubus (IceCv)
  An orc (D:11)
84 creatures vanquished.

Vanquished Creatures (others)
  A fire giant (Depths:2)
  A dancing weapon (Elf:1)
  A deep elf knight (Elf:3)
  A deep elf pyromancer (Elf:3)
  2 ugly things (D:14)
  2 naga magi (Snake:2)
  A human (D:13)
  A water elemental (Shoals:1)
  An elf zombie (Elf:1)
  A human simulacrum (D:14)
  4 white imps (IceCv)
  5 ufetubi (IceCv)
  An orc (D:6)
  A demonic plant (Gauntlet)
  30 fungi
  148 plants
  7 tentacles (Shoals:4)
  15 toadstools
  6 withered plants (D:14)
229 creatures vanquished.

Grand Total: 1898 creatures vanquished

Notes
Turn   | Place    | Note
-------+----------+-------------------------------------------
     0 | D:1      | KennyOmg the Minotaur Berserker began the quest for the
                  | Orb.
     0 | D:1      | Reached XP level 1. HP: 19/19 MP: 0/0
   228 | D:1      | Reached XP level 2. HP: 27/27 MP: 1/1
   302 | D:1      | Reached skill level 4 in Fighting
   436 | D:1      | Reached XP level 3. HP: 28/33 MP: 2/2
   748 | D:1      | Reached ** piety under Trog
  1102 | D:2      | Reached skill level 5 in Axes
  1243 | D:2      | Found a faded altar of an unknown god.
  1693 | D:2      | Found a bloodstained altar of Trog.
  1798 | D:3      | Reached XP level 4. HP: 41/41 MP: 3/3
  2299 | D:3      | Reached XP level 5. HP: 47/47 MP: 4/4
  2401 | D:4      | Found a basalt altar of Yredelemnul.
  2482 | D:4      | Reached skill level 5 in Fighting
  2642 | D:4      | Noticed Edmund
  2649 | D:4      | Killed Edmund
  2650 | D:4      | Reached XP level 6. HP: 56/56 MP: 5/5
  2840 | D:4      | Found a staircase to the Ecumenical Temple.
  3343 | D:5      | Entered Level 5 of the Dungeon
  3423 | D:5      | Noticed an ice beast
  3436 | D:5      | Killed an ice beast
  3437 | D:5      | Reached skill level 6 in Fighting
  3666 | D:5      | Reached XP level 7. HP: 58/63 MP: 6/6
  3710 | D:5      | Found Omethokh's Weapon Shop.
  3717 | D:5      | Bought a +0 broad axe for 44 gold pieces
  4073 | D:5      | Found Nunyd's Antique Weapon Emporium.
  4092 | D:5      | Found Ydokhleatt's Antique Armour Boutique.
  4097 | D:5      | Bought a scorched kite shield for 256 gold pieces
  4102 | D:5      | Identified the +5 kite shield of Bespelled Satisfaction
                  | {+Fly rC- rN+ Dex+7} (You bought it in a shop on level 5 of
                  | the Dungeon)
  4412 | D:6      | Reached skill level 1 in Shields
  4464 | D:6      | Reached *** piety under Trog
  4465 | D:6      | Reached skill level 7 in Fighting
  4538 | D:6      | Found a shimmering blue altar of Sif Muna.
  4577 | D:6      | Noticed Dowan
  4577 | D:6      | Noticed Duvessa
  4585 | D:6      | Killed Dowan
  4586 | D:6      | Reached XP level 8. HP: 73/73 MP: 7/7
  4590 | D:6      | Killed Duvessa
  4595 | D:6      | Reached skill level 10 in Axes
  5305 | D:6      | Reached **** piety under Trog
  5605 | D:7      | Found an opulent altar of Gozag.
  5650 | D:7      | Reached skill level 8 in Fighting
  5750 | D:7      | Found Woudghelo's Magic Scroll Shoppe.
  5810 | D:7      | Found a transporter.
  5840 | D:7      | Reached ***** piety under Trog
  5845 | D:7      | Found a glowing golden altar of the Shining One.
  5871 | D:7      | Found a transporter.
  5876 | D:7      | Found a blossoming altar of Fedhas.
  5894 | D:7      | Reached XP level 9. HP: 71/82 MP: 8/8
  5910 | D:7      | Found a flagged portal.
  5920 | Bailey   | Entered a bailey
  6053 | Bailey   | Reached skill level 5 in Shields
  6743 | D:7      | Noticed mokwee's ghost (novice OpVM)
  6836 | D:5      | Bought a spiked plate armour for 756 gold pieces
  6846 | D:5      | Identified the cursed +0 plate armour "Viguanud" {MP+9
                  | Str-5 Int+7} (You bought it in a shop on level 5 of the
                  | Dungeon)
  6961 | D:8      | Noticed Prince Ribbit
  6961 | D:8      | Noticed Maurice
  6968 | D:8      | Found a glowing silver altar of Zin.
  6968 | D:8      | Found a radiant altar of Vehumet.
  6968 | D:8      | Found a sacrificial altar of Ru.
  6968 | D:8      | Noticed Erica
  7050 | D:8      | Reached skill level 9 in Fighting
  7154 | D:8      | Killed Maurice
  7438 | D:8      | Killed Erica
  7439 | D:8      | Reached XP level 10. HP: 39/92 MP: 9/9
  7878 | D:8      | Killed Prince Ribbit
  8100 | D:9      | Reached skill level 10 in Fighting
  8279 | D:9      | Found a sparkling altar of Nemelex Xobeh.
  8281 | D:9      | Found a shadowy altar of Dithmenos.
  8399 | D:9      | Noticed Harold
  8410 | D:9      | Killed Harold
  9143 | D:9      | Found a staircase to the Lair.
  9273 | D:9      | Found an iron altar of Okawaru.
  9334 | D:10     | Entered Level 10 of the Dungeon
  9429 | D:10     | Found Anwec's Jewellery Shop.
  9885 | D:10     | Reached skill level 11 in Fighting
 10085 | D:11     | Noticed a manticore
 10096 | D:11     | Killed a manticore
 10097 | D:11     | Reached XP level 11. HP: 91/102 MP: 10/10
 10289 | D:11     | Received a gift from Trog
 10359 | D:11     | Reached skill level 15 in Axes
 10486 | D:11     | Found a staircase to the Orcish Mines.
 10714 | D:11     | Noticed a four-headed hydra
 10723 | D:11     | Killed a one-headed hydra
 11100 | D:11     | Received a gift from Trog
 11892 | D:12     | Noticed a deep elf pyromancer
 11899 | D:12     | Killed a deep elf pyromancer
 11900 | D:12     | Reached skill level 10 in Shields
 12093 | D:12     | Noticed a two-headed ogre
 12099 | D:12     | Killed a two-headed ogre
 12100 | D:12     | Reached skill level 12 in Fighting
 12350 | D:13     | Noticed a two-headed ogre
 12354 | D:13     | Killed a two-headed ogre
 12573 | D:13     | Noticed a vault guard
 12573 | D:13     | Noticed a vault guard
 12574 | D:13     | Noticed a vault guard
 12574 | D:13     | Noticed a vault guard
 12575 | D:13     | Noticed a vault guard
 12586 | D:13     | Killed a vault guard
 12589 | D:13     | Killed a vault guard
 12590 | D:13     | Reached XP level 12. HP: 113/113 MP: 11/11
 12592 | D:13     | Killed a vault guard
 12592 | D:13     | Killed a vault guard
 12592 | D:13     | Killed a vault guard
 12597 | D:13     | Found a gate to the Vaults.
 13059 | D:13     | Found Lipag's Antique Armour Shoppe.
 13059 | D:13     | Found Soerphuuh's Assorted Antiques.
 13060 | D:13     | Found Jocixiukk's Magic Scroll Shoppe.
 13071 | D:13     | Found Jeviow's General Store.
 13337 | D:13     | Noticed a two-headed ogre
 13342 | D:13     | Killed a two-headed ogre
 13723 | D:14     | Noticed a centaur warrior
 13724 | D:14     | Noticed a centaur warrior
 13732 | D:14     | Killed a centaur warrior
 13734 | D:14     | Reached skill level 13 in Fighting
 13737 | D:14     | Killed a centaur warrior
 14531 | D:14     | Noticed a two-headed ogre
 14537 | D:14     | Killed a two-headed ogre
 14577 | D:14     | Noticed a boulder beetle
 14584 | D:14     | Found a runed translucent gate.
 14584 | D:14     | Found a runed translucent gate.
 14592 | D:14     | Found a runed translucent gate.
 14603 | D:14     | Killed a boulder beetle
 14639 | D:14     | Noticed Regoshi's ghost (journeyman BaHu)
 14639 | D:14     | Noticed Qohum's ghost (journeyman DrGl)
 14658 | D:14     | Noticed a two-headed ogre
 14665 | D:14     | Killed a two-headed ogre
 14906 | D:14     | Found Fisil's Weapon Boutique.
 14941 | D:14     | Reached XP level 13. HP: 91/122 MP: 12/12
 15189 | D:14     | Reached skill level 14 in Fighting
 16293 | D:15     | Entered Level 15 of the Dungeon
 16293 | D:15     | Found Zarej's Weapon Shoppe.
 16447 | D:15     | Found a frozen archway.
 16462 | IceCv    | Entered an ice cave
 17509 | IceCv    | Noticed a reaper
 17517 | IceCv    | Killed a reaper
 17518 | IceCv    | Reached skill level 5 in Armour
 17528 | IceCv    | Got a pitted jade ring
 17534 | IceCv    | Got pitted ice dragon scales
 17558 | IceCv    | Identified the +7 ice dragon scales of Jigsaw {rF- rC++
                  | Dex+2} (You found it in an ice cave)
 17559 | IceCv    | Identified the ring of Departure {EV+4 Str+4} (You found it
                  | in an ice cave)
 18083 | D:15     | Found a staircase to the Depths.
 18084 | D:15     | Noticed a fire giant
 18249 | D:15     | Received a gift from Trog
 18273 | D:15     | Reached skill level 15 in Fighting
 18304 | D:15     | Killed a fire giant
 18808 | D:15     | Reached XP level 14. HP: 116/135 MP: 13/13
 18813 | D:15     | Reached skill level 15 in Shields
 19359 | Lair:1   | Entered Level 1 of the Lair of Beasts
 19538 | Lair:1   | Got a polished ring mail
 19598 | Lair:1   | Noticed Nergalle
 19606 | Lair:1   | Killed Nergalle
 19662 | Lair:1   | Identified the +1 ring mail of Jocroost {rPois rCorr Dex-5}
                  | (You found it on level 1 of the Lair of Beasts)
 19698 | Lair:1   | Found a hazy altar of Hepliaklqana.
 20520 | Lair:2   | Found a staircase to the Shoals.
 20583 | Lair:2   | Found a gate leading to a gauntlet.
 20631 | Gauntlet | Entered a Gauntlet
 20631 | Gauntlet | Found a transporter.
 20638 | Gauntlet | Found a transporter.
 20641 | Gauntlet | Found a transporter.
 20646 | Gauntlet | Found a runed translucent door.
 20649 | Gauntlet | Found a runed translucent door.
 20651 | Gauntlet | Found a transporter.
 20655 | Gauntlet | Found a transporter.
 20663 | Gauntlet | Found a transporter.
 20679 | Gauntlet | Found a transporter.
 20690 | Gauntlet | Found a transporter.
 20700 | Gauntlet | Found a transporter.
 20716 | Gauntlet | Found a transporter.
 20730 | Gauntlet | Found a transporter.
 20730 | Gauntlet | Found a transporter.
 20772 | Gauntlet | Found a transporter.
 20790 | Gauntlet | Found a transporter.
 20974 | Gauntlet | Gained mutation: You are dopey. (Int -2) [a shining eye]
 20975 | Gauntlet | Received a gift from Trog
 20976 | Gauntlet | Paralysed by a floating eye for 3 turns
 21032 | Gauntlet | Got a vibrating lapis lazuli ring
 21065 | Gauntlet | Identified the ring of Remomuh {rC+ rN++ Str-3 Int+4} (You
                  | found it in a Gauntlet)
 21818 | Lair:3   | Reached skill level 16 in Fighting
 21838 | Lair:3   | Found a staircase to the Snake Pit.
 22363 | Lair:4   | Reached skill level 10 in Armour
 23396 | Lair:5   | Found an opulent altar of Gozag.
 23507 | Lair:5   | Noticed Sonja
 23515 | Lair:5   | Killed Sonja
 23607 | Lair:5   | Found a viscous altar of Jiyva.
 23607 | Lair:5   | Found a staircase to the Slime Pits.
 23631 | Lair:5   | Reached XP level 15. HP: 145/145 MP: 14/14
 24024 | Lair:5   | Found a runed translucent door.
 24679 | Lair:6   | Entered Level 6 of the Lair of Beasts
 24714 | Lair:6   | Received a gift from Trog
 24715 | Lair:6   | Reached skill level 17 in Fighting
 24953 | Lair:6   | Noticed Kirke
 24976 | Lair:6   | Killed Kirke
 26040 | Orc:1    | Entered Level 1 of the Orcish Mines
 26148 | Orc:1    | Found a runed translucent gate.
 26148 | Orc:1    | Found a runed translucent gate.
 26148 | Orc:1    | Found a runed translucent gate.
 26594 | Orc:1    | Reached ****** piety under Trog
 26808 | Orc:1    | Noticed TimeIsEndless's ghost (novice DEAE)
 26822 | Orc:1    | Killed TimeIsEndless's ghost
 26911 | Orc:2    | Entered Level 2 of the Orcish Mines
 26937 | Orc:2    | Noticed Blork the orc
 26946 | Orc:2    | Killed Blork the orc
 26946 | Orc:2    | Received a gift from Trog
 27380 | Orc:2    | Found a staircase to the Elven Halls.
 27555 | Orc:2    | Reached skill level 15 in Armour
 27572 | Orc:2    | Found Vadir's Antique Armour Boutique.
 27572 | Orc:2    | Found Ebouvvel's Armour Shoppe.
 27577 | Orc:2    | Found Moyth's Magic Scroll Boutique.
 27577 | Orc:2    | Found Baede's Weapon Shoppe.
 27952 | Shoals:1 | Entered Level 1 of the Shoals
 28372 | Shoals:1 | Reached skill level 18 in Fighting
 28434 | Shoals:1 | Reached XP level 16. HP: 157/157 MP: 15/15
 29612 | Shoals:2 | Received a gift from Trog
 30203 | Shoals:3 | Noticed Ilsuiw
 30232 | Shoals:3 | Killed Ilsuiw
 31551 | Shoals:4 | Entered Level 4 of the Shoals
 31646 | Shoals:4 | Reached skill level 19 in Fighting
 32056 | Shoals:4 | Noticed Donald
 32070 | Shoals:4 | Killed Donald
 32362 | Shoals:4 | Received a gift from Trog
 32365 | Shoals:4 | Got a crude broad axe {god gift}
 32379 | Shoals:4 | Identified the +7 broad axe of Premature Burial {flame,
                  | Int+2} (Trog gifted it to you on level 4 of the Shoals)
 32566 | Shoals:4 | Found Yqemaof's Armour Emporium.
 32653 | Shoals:4 | Reached XP level 17. HP: 168/168 MP: 16/16
 33119 | Shoals:4 | Got a barnacled rune of Zot
 33533 | Snake:1  | Entered Level 1 of the Snake Pit
 33726 | Snake:1  | Got an iridescent hunting sling
 33727 | Snake:1  | Identified the +6 hunting sling of Diysypp {flame, rPois}
                  | (You found it on level 1 of the Snake Pit)
 33796 | Snake:1  | Noticed Aizul
 33809 | Snake:1  | Killed Aizul
 34282 | Snake:1  | Found Oceddyru's Book Boutique.
 34283 | Snake:1  | Found Pestru Vibb's Jewellery Emporium.
 34285 | Snake:1  | Found Keutoul's Book Boutique.
 34289 | Snake:1  | Reached skill level 5 in Dodging
 34431 | Snake:1  | Received a gift from Trog
 35014 | Snake:2  | Found a transporter.
 35016 | Snake:2  | Found a radiant altar of Vehumet.
 35063 | Snake:2  | Noticed Agnes
 35073 | Snake:2  | Killed Agnes
 36237 | Snake:3  | Reached skill level 20 in Fighting
 36605 | Snake:4  | Entered Level 4 of the Snake Pit
 36960 | Snake:4  | Received a gift from Trog
 36980 | Snake:4  | Reached XP level 18. HP: 140/178 MP: 17/17
 37007 | Snake:4  | Reached skill level 10 in Dodging
 37281 | Snake:4  | Got a serpentine rune of Zot
 37315 | Snake:4  | Got a steaming hand axe {god gift}
 37411 | Snake:4  | Identified the +8 hand axe of Midwinter {flame, rPois
                  | Str+4} (Trog gifted it to you on level 4 of the Snake Pit)
 37655 | Snake:4  | Received a gift from Trog
 37788 | Lair:2   | Upgraded the game from 0.27-a0-286-g37e0bc138e to
                  | 0.27-a0-295-ge1136d6ca4
 38111 | Depths:1 | Entered Level 1 of the Depths
 38139 | Depths:1 | Found a gateway to Hell.
 38223 | Depths:1 | Reached skill level 1 in Stealth
 38289 | Depths:1 | Found a magical portal.
 38307 | WizLab   | Entered Wucad Mu's Monastery
 38465 | WizLab   | Found the +9 staff of Wucad Mu {*channel}
 39117 | Depths:1 | Found a one-way gate to the infinite horrors of the Abyss.
 39826 | Depths:2 | Received a gift from Trog
 39946 | Depths:2 | You fall into a shaft and drop 2 floors!
 39951 | Depths:4 | Found a shimmering altar of Xom.
 39961 | Depths:4 | Noticed Louise
 39984 | Depths:4 | Killed Louise
 40114 | Depths:3 | Reached XP level 19. HP: 188/188 MP: 18/18
 40121 | Depths:3 | Paralysed by a vampire knight for 4 turns
 40163 | Depths:4 | Reached skill level 21 in Fighting
 40513 | Depths:3 | Reached skill level 5 in Stealth
 40514 | Depths:3 | Reached skill level 15 in Dodging
 40750 | Depths:2 | Received a gift from Trog
 41145 | Depths:2 | Reached XP level 20. HP: 200/200 MP: 19/19
 41149 | Depths:2 | Found Cauril's Jewellery Boutique.
 41166 | Depths:2 | Found a gateway to a ziggurat.
 41858 | Depths:2 | Found Ysmyvim's Magic Scroll Boutique.
 42009 | Depths:2 | Reached skill level 22 in Fighting
 42159 | Depths:2 | Found a one-way gate leading to the halls of Pandemonium.
 42189 | Depths:2 | Noticed Nikola
 42195 | Depths:2 | Killed Nikola
 42564 | Depths:2 | Found Usuf's Armour Boutique.
 42858 | Depths:2 | Reached XP level 21. HP: 168/207 MP: 20/20
 42865 | Depths:2 | Received a gift from Trog
 42878 | Depths:2 | Got an ebony war axe {god gift}
 42879 | Depths:2 | Identified the +9 war axe of the Evening {flame, rF++ rN++
                  | Stlth-} (Trog gifted it to you on level 2 of the Depths)
 43026 | Depths:2 | Noticed Sojobo
 43070 | Depths:2 | Killed Sojobo
 44030 | D:7      | Killed mokwee's ghost
 44223 | D:14     | Killed Regoshi's ghost
 44229 | D:14     | Killed Qohum's ghost
 44800 | Snake:2  | Found a transporter.
 45115 | Orc:2    | Bought the +9 scales of the Dragon King {rPois rF+ rC+
                  | Will+} for 3868 gold pieces
 45115 | Orc:2    | Found the +9 scales of the Dragon King {rPois rF+ rC+
                  | Will+}
 45150 | Orc:2    | Identified a scroll of acquirement
 45151 | Orc:2    | Acquired 965 gold pieces
 45425 | Snake:1  | Bought the amulet of Atuoqud {Reflect rF+ SH+5 SInv} for
                  | 771 gold pieces
 45708 | Elf:1    | Entered Level 1 of the Elven Halls
 45879 | Elf:1    | Received a gift from Trog
 46360 | Elf:1    | Received a gift from Trog
 46869 | Elf:2    | Found Laediohest's Weapon Boutique.
 46886 | Elf:2    | Found a flickering gateway to a bazaar.
 46906 | Bazaar   | Entered a bazaar
 46919 | Bazaar   | Found Alusuagh's Antique Weapon Emporium.
 46931 | Bazaar   | Found Naenyplu's Antique Weapon Shoppe.
 46946 | Bazaar   | Found Livoofoff's Antique Armour Shoppe.
 46958 | Bazaar   | Found Hotourru's Antique Armour Emporium.
 47179 | Elf:2    | Found Okiemico's Book Emporium.
 47255 | Elf:2    | Found Ziafae's Distillery.
 47294 | Elf:2    | Found a runed translucent gate.
 47294 | Elf:2    | Found a runed translucent gate.
 47295 | Elf:2    | Found a runed translucent gate.
 47327 | Elf:2    | Found Ceguiva's General Store.
 47474 | Elf:2    | Found a runed translucent door.
 47474 | Elf:2    | Noticed Ivuducw's ghost (journeyman DEIE)
 47618 | Elf:2    | Reached skill level 10 in Stealth
 47705 | Elf:2    | Received a gift from Trog
 48114 | Elf:2    | Killed Ivuducw's ghost
 48153 | Elf:3    | Entered Level 3 of the Elven Halls
 48383 | Elf:3    | Reached skill level 23 in Fighting
 48414 | Elf:3    | Reached XP level 22. HP: 193/220 MP: 21/21
 48463 | Elf:3    | Received a gift from Trog
 49548 | Elf:3    | Got a jet-encrusted chain mail
 49572 | Elf:3    | Found the +8 mithril axe "Arga" {speed, Will+}
 49580 | Elf:3    | Found the ring of the Mage {Wiz Will++ Int+3}
 49599 | Elf:3    | Got a brightly glowing lapis lazuli ring
 49601 | Elf:3    | Got a bloodstained leather armour
 49691 | Elf:3    | Found a shimmering blue altar of Sif Muna.
 49719 | Elf:3    | Identified the amulet of Zamocoqo {RegenMP rN+ Dex+3}
 50047 | Elf:3    | Identified the ring "Raful" {rC+ Will+} (You found it on
                  | level 3 of the Elven Halls)
 50048 | Elf:3    | Identified the cursed +0 leather armour of Xom's Approval
                  | {Regen+} (You found it on level 3 of the Elven Halls)
 50049 | Elf:3    | Identified the +8 chain mail of Beogh's Outrage {-Tele
                  | Int+7} (You found it on level 3 of the Elven Halls)
 50481 | Snake:1  | Bought the macabre finger necklace {rN+} for 640 gold
                  | pieces
 50481 | Snake:1  | Found the macabre finger necklace {rN+}
 50834 | Elf:2    | Bought a phantom mirror for 520 gold pieces
 51151 | Slime:1  | Entered Level 1 of the Pits of Slime
 51155 | Slime:1  | Received a gift from Trog
 51167 | Slime:1  | Gained mutation: You are very dopey. (Int -4) [a shining
                  | eye]
 51171 | Slime:1  | Gained mutation: You are frail. (-10% HP) [a shining eye]
 51192 | Slime:1  | Gained mutation: You have an increased reservoir of magic.
                  | (+10% MP) [a shining eye]
 51193 | Slime:1  | Gained mutation: Your body sometimes deteriorates upon
                  | taking damage. [a shining eye]
 51243 | Slime:4  | Gained mutation: You are weak. (Str -2) [a shining eye]
 51254 | Slime:5  | Entered Level 5 of the Pits of Slime
 51317 | Slime:5  | Found a viscous altar of Jiyva.
 51318 | Slime:5  | Noticed the Royal Jelly
 51783 | Slime:5  | Gained mutation: You are very frail. (-20% HP) [a shining
                  | eye]
 52040 | Slime:5  | Gained mutation: You are clumsy. (Dex -2) [a shining eye]
 52139 | Slime:5  | Gained mutation: You are very clumsy. (Dex -4) [a shining
                  | eye]
 52204 | Slime:5  | Demolished by an acid blob

Illustrated notes

Levels and vault maps discovered:
D:1:      eino_arrival_tree_alley, layout_rooms, solitary_fountain,
          minmay_heptomino_o4
D:2:      layout_loops_ring, lightli_temple_of_fire,
          chequers_ecumenical_altar_island
D:3:      layout_basic
D:4:      layout_basic, lemuel_crystal_altar,
          minmay_temple_entry_drinking_statues, moated_statue, uniq_edmund
D:5:      layout_basic, serial_shops, nicolae_shop_statue_plus,
          nicolae_shop_stone, shop_coins, hangedman_abyss_or_decor_stabs
D:6:      minmay_goblin_kobold_castle, layout_basic, lemuel_doored_altar,
          uniq_duvessa
D:7:      layout_rooms, nicolae_gozag_seed_capital, gammafunk_ghost_stat_death,
          basic_altar, enter_bailey_2, serial_shops,
          nicolae_shop_temple_entry_statues_fountains,
          nicolae_tso_besieged_by_evil
D:8:      layout_loops_ring, grunt_temple_overflow_open, uniq_prince_ribbit1,
          uniq_maurice, uniq_erica
D:9:      layout_basic, okawaru_gym_becter,
          chequers_temple_overflow_statue_of_worship, lair_entry_dummy,
          uniq_harold
D:10:     layout_roguey, serial_shops, shop
D:11:     layout_grid_maze, zombieorc2_lemuel, serial_glass, glass_columns_a,
          glass_columns_c
D:12:     layout_irregular_city
D:13:     layout_roguey, ximxim_vaults_locker_room, minmay_shop_grid_forest
D:14:     layout_basic, gammafunk_ghost_cemetery, serial_shops,
          nicolae_shop_window_shopping, kennysheep_boxes, grunt_ministairs_8,
          chequers_serial_rivers_micro_b, bh_circular_ruins
D:15:     grunt_enter_depths_giant_problem, layout_basic, serial_ice,
          serial_ice_a, serial_ice_l, serial_ice_f, serial_ice_h, serial_ice_b,
          serial_ice_e, serial_ice_n, portal_ice_cave_demonic_guard,
          serial_shops, nicolae_shop_statue_plus
Lair:1:   layout_cave_pods, basic_altar, pond, lemuel_fruit_tree, uniq_nergalle
Lair:2:   layout_misc_corridors, elwin_shoals_entry_rooms,
          gauntlet_entry_generic, serial_bayou_shore_b
Lair:3:   layout_gridlike, dummy_snake_entry, st_stairs_9
Lair:4:   layout_long_grid, infiniplex_staircase_pool, grunt_megastairs_2
Lair:5:   gammafunk_lair_enchanted_lake, layout_cave_pods,
          dpeg_slime_entry_enclosed_altar, basic_altar, uniq_sonja
Lair:6:   grunt_lair_end_beastmaster, layout_misc_corridors, minivault_26,
          uniq_kirke
Shoals:1: layout_shoals
Shoals:2: layout_shoals, nicolae_shoals_isolated_beach
Shoals:3: layout_shoals, uniq_ilsuiw
Shoals:4: shoals_end_grunt_ice, layout_shoals, serial_shops,
          nicolae_shop_behind_doors, uniq_donald
Snake:1:  layout_gridlike, hangedman_snake_pattern, minmay_shop_grove,
          uniq_aizul
Snake:2:  gammafunk_sealed_library, layout_basic, grunt_ministairs_2,
          fake_guardian_serpent_vault, uniq_agnes
Snake:3:  layout_onion_interference, st_stairs_3, grunt_megastairs_4
Snake:4:  snake_pit, layout_layer_cave
Slime:1:  layout_caves, cheibrodos_slime_lost_civilization_5
Slime:2:  layout_caves, cheibrodos_slime_lost_civilization_4
Slime:3:  layout_caves
Slime:4:  layout_caves
Slime:5
Orc:1:    layout_caves, ebering_ghost_rock_garden
Orc:2:    grunt_orc_tribal_feast, layout_diamond_mine, sword_in_stone
Elf:1:    elf_arrival_001, layout_loops_corners, minmay_elf_necromancy,
          minivault_16, grunt_ministairs_15
Elf:2:    layout_loops_corners, ebering_ghost_inner_flame, serial_shops,
          bzr_entry_dummy, nicolae_shop_behind_doors, shop,
          nicolae_shop_statue_plus, nicolae_shop_statue_plus
Elf:3:    elf_hall, layout_geoelf_octagon, hangedman_summoners_spam
Depths:1: layout_gridlike, abyss_entry_crystal, minmay_misc_feat_doors,
          infiniplex_enter_wizlab_water, hellmouth_2, minmay_starry_boxes
Depths:2: grunt_deathspiral_large, layout_cave_pools, enter_ziggurat_a,
          serial_shops, shop, shop, shop, grunt_pan_entry_zigzag,
          roderic_lattice_a, abyss_entry, hell_entry, serial_bayou_pond_c,
          st_stairs_2, serial_bayou_shore_b, infiniplex_staircase_spiral,
          uniq_sojobo, uniq_nikola
Depths:3: minmay_two_paths, layout_gridville, serial_sigils_hangedman_writhe,
          pf_hell_entry_tar_river, special_room [special_room_magic_class],
          rand_demon_pan_entry_4, minmay_misc_feat_more_columns, uniq_asterion
Depths:4: kennysheep_six_static_rooms, layout_cave_pools, pf_coc_iceberg,
          nicolae_abyss_entry_one_way_or_another, kennysheep_donut,
          minmay_gold_behind_fungi, moated_statue, nrook_pool_corridor,
          lemuel_statue_altar, infiniplex_staircase_zigzag_1

Skill      XL: |  1  2  3  4  5  6  7  8  9 10 11 12 13 14 15 16 17 18 19 20 21 22 |
---------------+-------------------------------------------------------------------+-----
Axes           | 4 5 6 7 8 9 11 12 14 16 18 | 18.0
Fighting       | 4 5 6 7 8 9 11 12 13 15 16 18 19 20 21 22 23 | 23.6
Shields        | 2 4 6 8 10 12 14 15 | 15.0
Armour         | 5 12 15 18 19 20 21 22 | 22.8
Dodging        | 9 13 16 17 18 | 18.2
Stealth        | 4 5 6 11 13 | 13.7

Action                   |  1- 3 |  4- 6 |  7- 9 | 10-12 | 13-15 | 16-18 | 19-21 | 22-24 || total
-------------------------+-------+-------+-------+-------+-------+-------+-------+-------++-------
Melee: Hand axe          |    95 |   107 |    10 |       |       |       |       |       ||   212
       Headbutt          |    16 |    22 |    54 |   155 |   340 |   359 |   291 |   108 ||  1345
       Broad axe         |       |       |   252 |   479 |   894 |  1101 |   341 |       ||  3067
       War axe           |       |       |       |     5 |       |       |   478 |   336 ||   819
       Executioner's axe |       |       |       |       |    55 |       |       |       ||    55
       Unarmed           |       |       |       |       |     6 |       |       |       ||     6
Invok: Berserk           |       |     1 |     3 |     7 |     3 |     3 |     2 |       ||    19
       Trog's Hand       |       |       |     1 |       |     1 |     2 |     1 |       ||     5
       Brothers in Arms  |       |       |     2 |     5 |     6 |     8 |     3 |    14 ||    38
 Abil: Evoke Flight      |       |       |       |       |     1 |       |     2 |       ||     3
Evoke: Wand              |       |       |       |       |     1 |     6 |       |       ||     7
       Box of beasts     |       |       |       |       |       |       |       |     1 ||     1
       Phantom mirror    |       |       |       |       |       |       |       |     1 ||     1
  Use: Potion            |       |       |     2 |       |     4 |     1 |     2 |       ||     9
       Scroll            |       |       |    16 |     3 |    17 |     4 |     9 |     8 ||    57
 Stab: Petrified         |       |       |       |       |    14 |       |       |       ||    14
       Petrifying        |       |       |       |       |     3 |       |       |       ||     3
       Held in net/web   |       |       |       |       |       |     1 |       |       ||     1
       Distracted        |       |       |       |       |       |     1 |     2 |     2 ||     5
       Sleeping          |       |       |       |       |       |     1 |     1 |       ||     2
Armor: Animal skin       |     9 |       |       |       |       |       |       |       ||     9
       Ring mail         |     9 |    19 |       |       |       |       |       |       ||    28
       Scale mail        |       |     8 |    36 |       |       |       |       |       ||    44
       Plate armour      |       |       |     8 |    92 |    49 |       |       |       ||   149
       Ice dragon scales |       |       |       |       |   130 |   269 |   114 |       ||   513
       Gold dragon scale |       |       |       |       |       |       |    36 |    83 ||   119
Dodge: Dodged            |    48 |    69 |    82 |   101 |   206 |   387 |   314 |   100 ||  1307
Block: Kite shield       |       |       |   335 |   420 |   714 |  1080 |   659 |   244 ||  3452
       Other             |       |       |     3 |       |    13 |       |       |       ||    16
       Reflection        |       |       |    26 |    31 |    33 |   144 |    52 |    12 ||   298

Table legend: (Time is in decaauts)
 A = Elapsed time spent in this place.
 B = Non-inter-level travel time spent in this place.
 C = Inter-level travel time spent in this place.
 D = Time resting spent in this place.
 E = Time spent auto-exploring this place.
 F = Levels seen in this place.
 G = Mean time per level.
                   A        B        C        D        E       F      G
               +--------+--------+--------+--------+--------+-----+--------+
         Total |  51944 |  47151 |   4793 |   9831 |  27984 |  48 | 1082.2 |
       Dungeon |  18852 |  16820 |   2032 |   3405 |  10484 |  15 | 1256.8 |
          Lair |   6909 |   5758 |   1151 |    633 |   4319 |   6 | 1151.5 |
        Shoals |   5687 |   5454 |    233 |   1231 |   3207 |   4 | 1421.8 |
     Snake Pit |   4797 |   4318 |    479 |    499 |   3144 |   4 | 1199.2 |
    Slime Pits |   1000 |   1000 |      0 |    515 |    109 |   5 |  200.0 |
  Orcish Mines |   2149 |   1668 |    481 |     21 |   1266 |   2 | 1074.5 |
   Elven Halls |   4442 |   4112 |    330 |    696 |   2528 |   3 | 1480.7 |
        Depths |   5169 |   5085 |     84 |   1657 |   2066 |   4 | 1292.2 |
        Bazaar |     67 |     67 |      0 |      0 |     65 |   1 |   67.0 |
        Bailey |    740 |    740 |      0 |    239 |    315 |   1 |  740.0 |
      Ice Cave |   1204 |   1204 |      0 |    817 |     17 |   1 | 1204.0 |
        Wizlab |    427 |    427 |      0 |     68 |    190 |   1 |  427.0 |
      Gauntlet |    495 |    495 |      0 |     46 |    273 |   1 |  495.0 |
               +--------+--------+--------+--------+--------+-----+--------+

Top non-repeatable levels by time:
Depths:2: 2633 daAuts
    D:14: 2515 daAuts
    D:13: 1840 daAuts
    D:11: 1774 daAuts
Depths:1: 1763 daAuts
   Elf:2: 1669 daAuts
Shoals:2: 1622 daAuts
    D:15: 1620 daAuts
 Snake:2: 1584 daAuts
Shoals:4: 1555 daAuts
   Elf:3: 1528 daAuts
     D:9: 1429 daAuts
  Lair:5: 1385 daAuts
Shoals:3: 1333 daAuts
  Lair:1: 1319 daAuts
